AoeStats
← web

Arabia

507804875Analyzed
1v1 RM · 12d ago on Sep 19, 2026· 34m 15s· 2 players
Game mode
Random Map
Map size
Tiny (2 player)
Population
200
Speed
Normal
Resources
Standard
Victory
Conquest
Starting age
Dark Age
Ending age
Imperial Age
RankedLock teamsTeams togetherTeam positionsShared explorationLock speedFull tech treeHidden civsTurbo modeCheats
Victory
Defeat
🇺🇸 Italians · United States
1403
+17
🇦🇷 Magyars · Argentina
1432
-50
web
8:53 Feudal Age
9:23 Double-Bit Axe
15:01 Fletching
17:50 Loom
20:23 Castle Age
18:48 Padded Archer Armor
20:32 Crossbowman
21:10 Gold Mining
21:17 Bodkin Arrow
21:38 Bow Saw
23:05 Thumb Ring
25:29 Leather Archer Armor
26:05 Ballistics
32:34 Wheelbarrow
Jercrox
9:34 Feudal Age
10:48 Loom
13:10 Bloodlines
21:27 Castle Age
19:38 Scale Barding Armor
20:28 Fletching
20:39 Padded Archer Armor
20:33 Horse Collar
24:02 Double-Bit Axe
24:46 Crossbowman
25:41 Bodkin Arrow
26:40 Bow Saw
30:06 Thumb Ring
31:59 Wheelbarrow
31:26 Heavy Plow
33:28 Leather Archer Armor
Connection lost

Rejoining the realm…

Still unreachable

The connection could not be restored.

Session expired

The server has moved on; the page needs a fresh start.